Map: Ephemeron LE

Players

Clem

  • Race: Terran Terran
  • League: Master
  • Spawn Location: 11:00

llllllllllll (Stats) - Winner!

  • Race: Protoss Protoss
  • League: Master
  • Spawn Location: 5:00

Event: HomeStory Cup XX

VOD

Have the link to the VOD?

Description

Time

  • Played on: Nov. 22, 2019, 6:09 a.m.
  • Length: 14:04

All games in this series

Show
View Real Time Build Order
Export as new Build Order

Clem Terran 

Build Orders:  

Get SALT Encoding   

  12  0:00  SCV  
  13  0:12  SCV  
  14  0:18  Supply Depot  
  14  0:25  SCV  
  15  0:39  SCV  
  15  0:41  Barracks  
  16  0:43  Refinery  
  16  0:52  SCV  
  17  1:04  SCV  
  18  1:16  SCV  
  19  1:27  Marine  
  19  1:28  Orbital Command  
  20  1:41  Command Center  
  20  1:47  Barracks Tech Lab  
  20  1:56  Factory  
  20  2:00  SCV  
  21  2:08  Marauder  
  23  2:15  Supply Depot  
  23  2:24  Refinery  
  23  2:30  Concussive Shells  
  23  2:36  SCV  
  26  2:37  Marauder  
  26  2:41  Hellion  
  28  2:49  SCV  
  29  2:54  Orbital Command  
  29  3:00  Starport  
  29  3:01  SCV  
  30  3:06  Hellion  
  30  3:11  Marauder  
  34  3:13  SCV  
  35  3:20  SCV  
  35  3:24  Supply Depot  
  36  3:28  SCV  
  36  3:32  SCV  
  38  3:35  Viking  
  38  3:40  SCV  
  40  3:45  SCV  
  35  3:49  Barracks Reactor  
  35  3:52  SCV  
  36  3:55  Cyclone  
  36  3:57  SCV  
  36  4:00  Barracks  
  40  4:06  Viking  
  40  4:09  SCV x2  
  44  4:12  Barracks  
  44  4:15  Supply Depot  
  44  4:21  SCV  
  44  4:23  SCV  
  46  4:27  Marine  
  46  4:28  Marine  
  46  4:29  Siege Tank  
  51  4:35  Supply Depot, SCV x2  
  51  4:37  Starport Tech Lab  
  53  4:40  Engineering Bay  
  53  4:44  Refinery  
  53  4:46  Marine x2  
  53  4:49  SCV  
  53  4:50  SCV  
  57  4:59  Stimpack  
  57  5:00  Barracks Tech Lab  
  57  5:01  Marine  
  57  5:02  Supply Depot, SCV  
  57  5:04  Marine  
  57  5:05  Starport Reactor  
  57  5:06  SCV  
  61  5:11  Refinery  
  61  5:12  Factory Reactor  
  61  5:15  SCV  
  61  5:18  Marine x2, Combat Shield  
  61  5:19  Marine  
  61  5:20  SCV  
  66  5:25  Missile Turret  
  66  5:27  SCV  
  62  5:32  SCV  
  63  5:36  Marine x2  
  63  5:39  SCV  
  68  5:43  Marauder  
  68  5:44  SCV  
  68  5:48  Marauder  
  67  5:51  SCV  
  67  5:55  Marine x2  
  67  5:57  SCV  
  68  5:59  Widow Mine x2  
  72  6:08  Medivac  
  72  6:10  SCV  
  72  6:11  SCV  
  69  6:14  Marine x2  
  69  6:15  Marauder  
  69  6:16  Marauder  
  73  6:25  Terran Infantry Weapons Level 1  
  73  6:31  Marine, Command Center  
  73  6:32  Marine  
  69  6:34  Widow Mine  
  69  6:36  Marauder  
  66  6:42  Marauder  
  66  6:43  Widow Mine  
  66  6:45  SCV  
  66  6:46  SCV  
  67  6:48  Medivac  
  67  6:53  Marine x2  
  66  6:58  Marauder, SCV  
  67  7:03  Medivac  
  67  7:04  Marauder, Widow Mine x2, SCV  
  76  7:10  SCV  
  76  7:11  Marine  
  76  7:12  Marine  
  77  7:16  SCV  
  78  7:26  Barracks  
  78  7:27  Barracks  
  78  7:38  Supply Depot  
  78  7:39  Marine x2, Medivac x2, Marauder  
  78  7:43  Widow Mine x2, SCV x2  
  92  7:45  Orbital Command  
  92  7:55  SCV x2  
  92  7:57  Marauder, Supply Depot  
  92  8:07  SCV x2  
  92  8:09  Marine, Marauder  
  96  8:12  SCV  
  96  8:14  Widow Mine x2  
  96  8:17  Marine, Barracks Tech Lab, Barracks Reactor  
  96  8:18  Medivac  
  96  8:19  SCV x2  
  105  8:21  Supply Depot, Terran Infantry Armor Level 1  
  105  8:25  SCV  
  108  8:27  Marauder  
  108  8:28  Medivac  
  108  8:31  SCV x2  
  108  8:32  Marine  
  108  8:33  Marauder  
  115  8:37  SCV  
  115  8:38  Supply Depot  
  116  8:43  Marauder, SCV  
  116  8:44  SCV  
  116  8:48  Marauder  
  120  8:51  Ghost Academy  
  120  8:52  Orbital Command  
  120  8:54  Marauder  
  120  8:55  Widow Mine  
  124  8:59  Medivac  
  124  9:00  Widow Mine  
  124  9:01  Marine x2  
  128  9:04  Marauder  
  128  9:09  Marauder, SCV x2  
  129  9:13  Medivac  
  129  9:14  Marine x2  
  129  9:16  Marauder  
  131  9:20  Marine  
  131  9:24  Supply Depot  
  132  9:26  Marine  
  132  9:27  Refinery, Marauder  
  132  9:30  Ghost  
  137  9:31  Widow Mine  
  137  9:32  Widow Mine  
  137  9:36  Marine, Ghost  
  140  9:39  Supply Depot  
  140  9:40  Marine  
  140  9:45  Marine  
  142  9:48  Ghost  
  142  9:50  Supply Depot  
  142  9:52  SCV  
  145  9:53  Marine  
  145  9:55  Widow Mine x2  
  145  9:58  Supply Depot  
  149  10:00  Ghost  
  149  10:04  SCV  
  149  10:06  SCV  
  149  10:07  Marauder  
  149  10:15  Viking  
  149  10:16  Widow Mine  
  149  10:17  Marauder  
  151  10:25  Marine x4  
  151  10:27  Widow Mine, Medivac  
  159  10:30  Supply Depot  
  159  10:31  Supply Depot  
  159  10:34  Marauder x2  
  163  10:37  Widow Mine  
  163  10:42  Supply Depot  
  165  10:47  Marine x3  
  165  10:48  Marine  
  165  10:49  Widow Mine  
  168  10:53  Marauder  
  168  10:55  Marauder  
  168  10:57  Enhanced Shockwaves  
  169  10:59  Widow Mine, Marauder  
  154  11:14  Marauder  
  154  11:17  Marine x3  
  154  11:18  Marauder  
  135  11:20  SCV x2  
  135  11:21  Marauder  
  134  11:28  Marine  
  134  11:29  SCV  
  131  11:36  Marauder, Widow Mine  
  131  11:37  Marine x2  
  131  11:39  Marauder  
  137  11:42  Marauder  
  139  11:48  Widow Mine  
  132  11:56  Ghost  
  132  11:58  Widow Mine, Marine  
  132  11:59  Marine x3  
  132  12:00  Ghost  
  142  12:08  Marine  
  142  12:09  Widow Mine  
  136  12:19  Widow Mine  
  133  12:25  Ghost  
  133  12:26  Ghost  
  133  12:29  Marauder  
  132  12:30  Widow Mine  
  133  12:37  Marine x4  
  133  12:40  SCV x2  
  133  12:41  Widow Mine, SCV  
  133  12:43  Command Center  
  135  12:51  Marauder  
  124  12:52  Widow Mine  
  124  12:53  SCV x3  
  124  12:54  Marine  
  124  12:55  Marauder  
  124  12:56  Liberator  
  123  13:02  Widow Mine, Marine x3  
  123  13:03  Marine  
  123  13:11  Ghost  
  123  13:12  Refinery, Marauder  
  125  13:13  Refinery  
  125  13:16  Marine  
  129  13:20  Marine x3  
  129  13:23  Marine, Engineering Bay  
  129  13:24  Armory  
  133  13:29  Widow Mine x2  
  133  13:33  Marauder  
  138  13:34  Marine  
  138  13:38  Marine x2  
  138  13:39  Marine  
  133  13:43  Marine  
Show
View Real Time Build Order
Export as new Build Order

llllllllllll Protoss - Winner!

Build Orders: 1 Gate Expand, Oracle Opening 

Get SALT Encoding   

  12  0:00  Probe  
  13  0:12  Probe  
  14  0:17  Pylon  
  14  0:24  Probe  
  15  0:32  Probe  
  15  0:37  Gateway  
  15  0:40  Probe  
  16  0:46  Assimilator  
  17  0:51  Probe  
  18  1:03  Probe  
  19  1:15  Probe  
  20  1:22  Nexus  
  20  1:32  Cybernetics Core  
  20  1:34  Probe  
  21  1:40  Assimilator  
  21  1:46  Probe  
  22  1:52  Pylon  
  22  1:59  Probe  
  23  2:10  Adept  
  23  2:11  Probe  
  26  2:18  Stargate  
  26  2:23  Probe  
  26  2:29  Warp Gate  
  26  2:31  Probe x2  
  28  2:39  Probe x2  
  28  2:40  Adept  
  32  2:49  Probe x2  
  33  2:51  Oracle  
  34  3:01  Probe x2  
  39  3:10  Adept  
  41  3:13  Probe x2  
  41  3:15  Pylon  
  43  3:25  Oracle, Probe x2  
  45  3:28  Pylon  
  46  3:42  Probe x2  
  46  3:48  Gateway  
  46  3:51  Gateway  
  46  3:55  Oracle, Probe x2  
  51  4:06  Nexus  
  51  4:09  Probe  
  52  4:10  Probe  
  52  4:15  Pylon  
  53  4:17  Assimilator  
  53  4:19  Assimilator  
  53  4:22  Adept  
  56  4:24  Probe x2  
  57  4:36  Probe x2  
  59  4:45  Twilight Council  
  59  4:48  Forge  
  59  4:50  Pylon, Stalker x2  
  59  4:51  Stalker  
  65  4:55  Probe x2  
  67  5:08  Probe x2  
  67  5:10  Pylon, Protoss Ground Weapons Level 1  
  67  5:13  Blink  
  69  5:14  Stalker x3  
  69  5:19  Probe  
  69  5:20  Probe x2  
  78  5:34  Probe x3  
  81  5:37  Stalker  
  81  5:38  Stalker  
  81  5:41  Stalker  
  81  5:57  Gateway  
  81  5:58  Gateway  
  81  5:59  Probe x3  
  81  6:00  Gateway  
  81  6:01  Stalker  
  82  6:12  Stalker x2, Probe x3  
  89  6:20  Robotics Facility  
  89  6:22  Assimilator x2  
  89  6:28  Gateway x2  
  87  6:42  Stalker x3  
  87  6:44  Probe x3  
  89  6:56  Stalker x2  
  89  6:57  Stalker  
  89  7:01  Protoss Ground Armor Level 1  
  90  7:06  Charge, Probe x3  
  87  7:18  Stalker x3  
  87  7:21  Probe x2  
  92  7:23  Probe  
  92  7:24  Pylon, Sentry x2  
  92  7:25  Zealot  
  92  7:29  Zealot  
  101  7:31  Pylon  
  101  7:32  Warp Prism  
  101  7:33  Pylon  
  101  7:35  Pylon  
  101  7:39  Pylon  
  101  7:42  Probe  
  101  7:43  Templar Archives  
  104  7:46  Probe  
  104  7:49  Zealot x2  
  92  8:13  Stalker, Probe x3  
  92  8:14  Stalker x3  
  92  8:18  Psionic Storm  
  92  8:19  Zealot x4  
  111  8:35  Pylon  
  111  8:36  Pylon  
  111  8:39  Stalker x2  
  115  8:41  Stalker  
  114  8:49  Protoss Ground Weapons Level 2  
  114  8:51  Stalker x2  
  118  8:59  Zealot x2  
  118  9:15  High Templar  
  118  9:16  High Templar x3  
  122  9:17  Probe x3  
  122  9:23  Zealot x2  
  129  9:30  Forge  
  129  9:38  Probe x3  
  127  9:44  Observer  
  128  9:55  High Templar x4  
  128  9:56  Zealot x4  
  128  9:59  Archon x2  
  144  10:05  Nexus  
  144  10:15  Immortal  
  144  10:17  Protoss Ground Armor Level 2  
  144  10:22  High Templar x2  
  144  10:23  Zealot x2  
  144  10:25  Pylon  
  156  10:29  Archon  
  156  10:37  Probe  
  156  10:41  Pylon  
  157  10:43  Pylon, Probe x2  
  157  10:44  Pylon  
  159  10:52  High Templar x2, Zealot  
  164  10:57  Archon  
  154  11:09  Zealot x3  
  154  11:10  Zealot x2  
  132  11:23  High Templar  
  130  11:27  High Templar, Zealot  
  126  11:34  Probe x4, Zealot x4  
  126  11:37  Robotics Bay, Robotics Facility  
  130  11:55  Sentry x2, Zealot x3  
  130  11:58  Probe x2  
  130  11:59  Probe x2  
  144  12:10  Probe x2  
  144  12:11  Probe x2  
  144  12:12  Gateway  
  146  12:17  Gateway  
  146  12:18  Zealot  
  146  12:19  Gateway  
  142  12:28  High Templar x4, Zealot x2  
  148  12:33  Archon  
  148  12:35  Archon  
  148  12:41  Zealot  
  130  12:55  Zealot x2  
  130  12:57  Immortal  
  128  13:02  Archon  
  128  13:05  Zealot x5  
  132  13:14  Disruptor  
  132  13:17  Stalker x2  
  132  13:18  Stalker x3  
  143  13:36  Zealot x5  
  119  13:55  Stalker x4  
  127  13:56  Stalker x4  
  127  13:57  Zealot  
Tags
 
Add a new tag
Caveats
  • Supply blocks, unpowered buildings, or Contaminate may cause inaccurate times.
  • Supply counts are checked every 10 seconds.